 Dungeon Crawl Stone Soup version 0.31-a0-38-g1548c4f2a5 (webtiles) character file.

Game seed: 14730891826328256123

286 subawu the Ruffian (level 6, -3/76 HPs)
             Began as a Draconian Transmuter on May 16, 2023.
             Succumbed to a kobold's poison
             ... on level 4 of the Dungeon.
             The game lasted 00:16:21 (4160 turns).

subawu the Ruffian (Draconian Transmuter)           Turns: 4160, Time: 00:16:22

Health: -3/76      AC:  6    Str: 14    XL:     6   Next: 8%
Magic:  10/10      EV: 12    Int: 14    God:
Gold:   133        SH:  0    Dex: 11    Spells: 8/11 levels left

rFire   + . .        d - +0 club
rCold   . . .        (no shield)
rNeg    . . .        (body armour unavailable)
rPois   .            (helmet restricted)
rElec   .            (no cloak)
rCorr   .            (no gloves)
SInv    .            (no boots)
Will    .....        i - amulet of the acrobat Stlth
                     o - ring of protection from fire
HPRegen 0.32/turn    (no ring)
MPRegen 0.12/turn

%: acrobat
@: berserking, lethally poisoned (-3 -> -45), wereblooded (expiring), very quick
A: AC +6, unfitting armour, cold-blooded
a: no special abilities


You were on level 4 of the Dungeon.
You visited 1 branch of the dungeon, and saw 4 of its levels.

You collected 133 gold pieces.

Inventory:

Hand Weapons
 d - a +0 club (weapon)
 n - a +0 glaive
 s - a +0 giant club
 t - the +2 spear of Spores {pain, Int+4 SInv}
   (You found it on level 3 of the Dungeon)

   Int:       It affects your intelligence (+4).
   SInv:      It lets you see invisible.
Missiles
 m - 21 stones
Jewellery
 i - an amulet of the acrobat (around neck)
 j - an amulet of faith
 o - a ring of protection from fire (left hand)
Scrolls
 a - a scroll of fear
 e - a scroll of identify
 h - 3 scrolls of amnesia (quivered)
 k - a scroll of fog
Potions
 b - a potion of resistance {unknown}
 f - a potion of flight {unknown}
 g - 5 potions of curing {unknown}
 l - 3 potions of brilliance {unknown}
 p - a potion of might {unknown}
 q - 3 potions of mutation {unknown}
 u - a potion of haste {unknown}


   Skills:
 + Level 3.0 Fighting
 + Level 3.0 Dodging
 + Level 4.1 Unarmed Combat
 + Level 3.1 Spellcasting
 + Level 3.2 Transmutations


You had 8 spell levels left.
You knew the following spells:

 Your Spells              Type           Power      Damage    Failure   Level
a - Beastly Appendage     Tmut           22%        N/A       5%          1
b - Wereblood             Tmut           11%        N/A       9%          2

Your spell library contained the following spells:

 Spells                   Type           Power      Damage    Failure   Level
 Blink                    Tloc           4%         N/A       32%         2
 Lesser Beckoning         Tloc           4%         N/A       32%         2
 Momentum Strike          Conj/Tloc      4%         3d8       32%         2
 Spider Form              Tmut/Pois      6%         N/A       32%         3
 Ice Form                 Ice/Tmut       6%         N/A       71%         4


Dungeon Overview and Level Annotations

Branches:
Dungeon (4/15)
 Temple: D:4-7

Altars:

Shops:
D:1 !?((   D:2 (   D:3 ?


Innate Abilities, Weirdness & Mutations

Your plain brown scales are hard. (AC +6)
You cannot fit into any form of body armour.
You are cold-blooded and may be slowed by cold attacks.


Message History

a +0 club; an orc corpse The orc attacks as you move away!
The orc misses you. The orc hits you with a +0 club.
You hit the orc.
The orc is almost dead.
You howl as the wereblood boils in your veins!
The orc hits you with a +0 dagger.
You barely miss the orc.
Your tail-slap misses the orc.
The orc is almost dead.
The orc hits you with a +0 dagger. The orc misses you.
The orc barely misses you. The orc hits you but does no damage.
You are poisoned.
You barely miss the orc. You tail-slap the orc.
You feel a bit better.
You kill the orc!
Your primal bloodlust is almost over.
You feel very sick. The orc hits you but does no damage.
You are more poisoned.
The orc hits you with a +0 club. The orc hits you but does no damage.
The kobold hits you with a +2 short sword of venom.
You are lethally poisoned!
The orc hits you but does no damage.
You are more poisoned.
The orc closely misses you. The orc hits you with a +0 club.
You hit the kobold.
The kobold is severely wounded.
* * * LOW HITPOINT WARNING * * *
You feel extremely sick.
The orc hits you with a +2 dagger of venom.
* * * LOW HITPOINT WARNING * * *
You are more poisoned.
The kobold hits you with a +2 short sword of venom.
* * * LOW HITPOINT WARNING * * *
You are more poisoned.
The orc hits you with a +0 club.
* * * LOW HITPOINT WARNING * * *
The orc barely misses you.
A red film seems to cover your vision as you go berserk!
You feel yourself moving faster!
You feel mighty!
You die...

.#..... ... ##..#
..### ....# #...
...########.#####
............#...#
............#.#.######
................#.....
...............o..#
.............))K@?#
...............oo.#
...........##.###.#
...........##... ..#
...........##......#
######....#........#
#....#..... ..#
######........# ..


You could see 3 orcs and a kobold.

Vanquished Creatures
  An ogre (D:3)
  An orc priest (D:3)
  An orc wizard (D:4)
  Robin (D:2)
  A gnoll (D:1)
  2 adders
  2 worms
  2 dart slugs
  7 orcs
  6 endoplasms (D:1)
  A giant cockroach (D:3)
  9 goblins
  15 hobgoblins
  6 jackals
  2 quokkas
  12 ball pythons
  5 bats
  3 frilled lizards
  4 kobolds
  7 rats
88 creatures vanquished.

Notes
Turn   | Place    | Note
-------+----------+-------------------------------------------
     0 | D:1      | subawu the Draconian Transmuter began the quest for the
                  | Orb.
     0 | D:1      | Reached XP level 1. HP: 16/16 MP: 3/3
    56 | D:1      | Reached XP level 2. HP: 6/23 MP: 5/5
    61 | D:1      | Found Uxzed's Weapon Boutique.
   309 | D:1      | Found Huupiotamn's Magic Scroll Shoppe.
   371 | D:1      | Found Giymunn's Antique Weapon Boutique.
   834 | D:1      | Found Onok's Distillery.
  1078 | D:1      | Reached XP level 3. HP: 28/29 MP: 6/6
  1481 | D:1      | You fall into a shaft and drop 1 floor!
  1557 | D:2      | Found Wailun's Antique Weapon Shop.
  2356 | D:2      | Noticed Robin
  2391 | D:2      | Killed Robin
  2392 | D:2      | Reached XP level 4. HP: 32/36 MP: 7/7
  2529 | D:2      | Learned a level 2 spell: Wereblood
  3260 | D:3      | Noticed an ogre
  3261 | D:3      | Found Pearedut's Magic Scroll Emporium.
  3267 | D:3      | Killed an ogre
  3268 | D:3      | Reached XP level 5. HP: 28/44 MP: 5/9
  3498 | D:3      | Reached skill level 4 in Unarmed Combat
  3839 | D:3      | Reached XP level 6. HP: 51/51 MP: 10/10
  3898 | D:3      | Identified the +2 spear of Spores {pain, Int+4 SInv}
  4160 | D:4      | Succumbed to a kobold's poison

Illustrated notes

Levels and vault maps discovered:
D:1:      giann_horns, layout_loops_corners, serial_shops, nicolae_diamond_shop,
          shop, shop, nicolae_shop_real_fake_doors, minmay_tromino_mix6
D:2:      layout_basic, serial_shops, nicolae_shop_window_shopping, uniq_robin
D:3:      layout_loops_cross, serial_shops, shop
D:4:      layout_basic, mainiacjoe_overflow_alcove_2, serial_corexii_hall,
          corexii_hall_statues_u, corexii_hall_statues_l, uniq_grinder

Skill      XL: |  1  2  3  4  5 |
---------------+----------------+-----
Dodging        | 2 3 |  3.0
Fighting       | 2 3 |  3.0
Transmutations | 3 |  3.2
Unarmed Combat | 4 |  4.1
Spellcasting   | 3 |  3.1

Action                     |  1- 3 |  4- 6 || total
---------------------------+-------+-------++-------
  Melee: Unarmed           |   150 |    52 ||   202
         Tailslap          |    16 |    26 ||    42
         Kick              |     8 |     2 ||    10
         Punch             |     4 |     5 ||     9
         Headbutt          |     4 |     3 ||     7
         Glaive            |       |    46 ||    46
         Club              |       |    86 ||    86
   Cast: Beastly Appendage |     3 |     3 ||     6
         Wereblood         |       |     3 ||     3
    Use: Scroll            |     4 |     4 ||     8
         Potion            |       |     3 ||     3
   Stab: Sleeping          |     2 |       ||     2
 Armour: Skin              |    65 |   111 ||   176
  Dodge: Dodged            |   134 |   156 ||   290

Table legend: (Time is in decaauts)
 A = Elapsed time spent in this place.
 B = Non-inter-level travel time spent in this place.
 C = Inter-level travel time spent in this place.
 D = Time resting spent in this place.
 E = Time spent auto-exploring this place.
 F = Levels seen in this place.
 G = Mean time per level.
                   A        B        C        D        E       F      G
               +--------+--------+--------+--------+--------+-----+--------+
         Total |   4225 |   3979 |    246 |    606 |    690 |   4 | 1056.2 |
       Dungeon |   4225 |   3979 |    246 |    606 |    690 |   4 | 1056.2 |
               +--------+--------+--------+--------+--------+-----+--------+

Top non-repeatable levels by time:
     D:1: 1809 daAuts
     D:2: 1024 daAuts
     D:3: 1014 daAuts
     D:4: 378 daAuts
